 Dungeon Crawl Stone Soup version 0.28.0-45-g0d030f2227 (webtiles) character file.

Game seed: 16458833098156787237

466 zeratav the Insei (level 7, 0/46 HPs)
             Began as an Octopode Transmuter on Apr 13, 2022.
             Shot with an arrow by a centaur (11 damage)
             ... on level 5 of the Dungeon.
             The game lasted 00:08:22 (5917 turns).

zeratav the Insei (Octopode Transmuter)             Turns: 5917, Time: 00:08:23

Health: 0/46       AC:  1    Str: 10    XL:     7   Next: 8%
Magic:  4/10       EV: 14    Int: 15    God:
Gold:   257        SH:  0    Dex: 14    Spells: 6/10 levels left

rFire   . . .      SeeInvis .   d - +2 trident (vorpal) {polearm}
rCold   . . .      Faith    .   (no shield)
rNeg    + . .      Spirit   .   (helmet restricted)
rPois   .          Reflect  .   (no amulet)
rElec   .          Harm     .   r - ring of positive energy
rCorr   .          Rampage  .   (no ring)
Will    .....                   (no ring)
Stlth   ++++......              (no ring)
HPRegen 0.15/turn               (no ring)
MPRegen 0.12/turn               (no ring)
                                (no ring)
                                (no ring)

@: very slightly contaminated
A: almost no armour, amphibious, 8 rings, camouflage 1, gelatinous body 1,
(nimble swimmer 1), tentacles
a: no special abilities


You were on level 5 of the Dungeon.
You visited 1 branch of the dungeon, and saw 5 of its levels.

You collected 257 gold pieces.


Innate Abilities, Weirdness & Mutations

You cannot wear most types of armour.
You are amphibious.
You can wear up to eight rings at the same time.
Your skin changes colour to match your surroundings (Stealth+).
Your rubbery body absorbs attacks. (AC +1, EV +1)
((You are camouflaged when in or above water. (Stealth+)))
You have tentacles for arms and can constrict up to eight enemies at once.


   Skills:
 + Level 3.2 Fighting
 + Level 3.6 Dodging
 + Level 4.2 Stealth
 * Level 5.4 Unarmed Combat
 - Level 2.0 Spellcasting
 - Level 2.0 Transmutations


You had 6 spell levels left.
You knew the following spells:

 Your Spells              Type           Power      Damage    Failure   Level
a - Beastly Appendage     Tmut           14%        N/A       10%         1
b - Spider Form           Tmut/Pois      4%         N/A       41%         3

Your spell library contained the following spells:

 Spells                   Type           Power      Damage    Failure   Level
 Wereblood                Tmut           7%         N/A       14%         2
 Animate Skeleton         Necr           2%         N/A       22%         1
 Pain                     Necr           4%         1d4       22%         1
 Vampiric Draining        Necr           1%         2d6       54%         3
 Ice Form                 Ice/Tmut       4%         N/A       82%         4
 Malign Gateway           Summ/Tloc      0%         N/A       100%        7
 Summon Horrible Things   Summ           0%         N/A       100%        8

Inventory:

Hand Weapons
 d - a +2 vorpal trident (weapon) {polearm}
   (You found it on level 2 of the Dungeon)
 j - a +3 hunting sling {sling}
   (You took it off a goblin on level 3 of the Dungeon)
Missiles
 k - 77 sling bullets
 q - 2 curare-tipped darts {=fthrowing}
Jewellery
 r - a ring of positive energy (left tentacle)
   (You found it on level 4 of the Dungeon)
Scrolls
 b - 2 scrolls of magic mapping {unknown}
 c - 3 scrolls of teleportation {unknown}
 e - a scroll of summoning {unknown}
 m - a scroll of immolation {unknown}
 o - a scroll of vulnerability {unknown}
 s - a scroll of blinking {unknown}
Potions
 a - a potion of might {unknown}
 f - 2 potions of curing {@q1}
 g - a potion of invisibility {unknown}
 h - a potion of brilliance {unknown}
 i - 3 potions of heal wounds {unknown}
 l - a potion of degeneration {unknown}
 n - a potion of mutation {unknown}
 p - 2 potions of magic {unknown}
 t - a potion of attraction {unknown}

Dungeon Overview and Level Annotations

Branches:
Dungeon (5/15)
 Temple: D:4-7

Altars:
Cheibriados
Trog

Shops:
D:3 (   D:5 *(

Annotations:
D:5 Eustachio

#.###.....####.###...>.
.....8.............#
.####...#####.#####
#.### #.#...# #.#
##.##.# ##.## ### .#
##...###### .#
#.......... .#
#.###.@.###### .#
#......## .# .#######.#
.@ ..c....c.#
.#########


You could see a centaur.


Message History

You see here 12 gold pieces.
One of your tentacles grows a vicious spike.
MP[-1]
You lost 1 mp, and now have 9/10 mp.
Unknown command.
Unknown command.
You extend your transformation's duration.
MP[-1]
You lost 1 mp, and now have 8/10 mp.
The shadow imp shouts, "Remove thy stench, thou dissembling rump-fed dewberry!"
You hear an angry hiss.
You hit the shadow imp but do no damage.
Your grab misses the shadow imp.
You pierce the shadow imp.
The shadow imp hits you but does no damage.
You hit the shadow imp but do no damage.
You grab the shadow imp.
You pierce the shadow imp.
Your squeeze misses the shadow imp. You constrict the shadow imp.
The shadow imp barely misses you. x2
MP[+1]
You completely miss the shadow imp.
You pierce the shadow imp, but do no damage.
Your transformation is almost over.
You constrict the shadow imp. The shadow imp barely misses you.
Unknown command.
You hit the shadow imp.
You kill the shadow imp!
No target in view!
An iguana comes into view.
Found a leather armour.
Found a stone staircase leading down.
Found Dauza's Antique Weapon Emporium.
Found a stone staircase leading up.
MP[+1]
Your mp is fully restored (10).
You closely miss the iguana. Your grab misses the iguana.
You pierce the iguana, but do no damage.
The iguana closely misses you. x2
You closely miss the iguana. Your grab misses the iguana.
You squeeze the iguana.
Your tentacle spike disappears.
The iguana bites you.
HP[-3]
You take 3 damage, and now have 43/46 hp.
You closely miss the iguana. You grab the iguana.
You constrict the iguana, but do no damage.
The iguana closely misses you.
You hit the iguana. You constrict the iguana. The iguana bites you.
HP[-4]
You take 4 damage, and now have 39/46 hp.
You hit the iguana.
You squeeze the iguana, but do no damage.
You constrict the iguana.
You kill the iguana!
HP[+1]
You now have 228 gold pieces (gained 9).
You now have 245 gold pieces (gained 17).
HP[+1]
You now have 257 gold pieces (gained 12).
You start resting.
HP[+5]
Your hp is fully restored (46).
You see here a +0 leather armour.
There is an entrance to Dauza's Antique Weapon Emporium here.
Found a stone staircase leading down.
You pick up a book of Necromancy and begin reading...
You add the spells Pain, Animate Skeleton and Vampiric Draining to your library.
Eustachio the Magnificent comes into view.
He is wielding a +0 rapier.
Okay, then.
Found a stone staircase leading down.
There is a stone staircase leading down here.
A centaur comes into view.
The centaur wields a +0 shortbow.
The centaur shoots an arrow.
The arrow hits you.
HP[-5]
You take 5 damage, and now have 41/46 hp.
The centaur shoots an arrow.
The arrow hits you!
HP[-16]
You take 16 damage, and now have 25/46 hp.
MASSIVE DAMAGE!! (PAUSE)
The centaur shoots an arrow.
The arrow hits you!
* * * LOW HITPOINT WARNING * * *
HP[-14]
You take 14 damage, and now have 11/46 hp.
MASSIVE DAMAGE!! (PAUSE)
Casting: Beastly Appendage (safe; 10% risk of failure)
Confirm with . or Enter, or press ? or * to list all spells.
The spell is quite dangerous to miscast (41% risk of failure)!
Continue anyway?
You miscast Spider Form.
You are very lightly contaminated with residual magic.
Nothing appears to happen.
MP[-3]
You lost 3 mp, and now have 7/10 mp.
Casting: Spider Form (quite dangerous; 41% risk of failure)
Confirm with . or Enter, or press ? or * to list all spells.
The spell is quite dangerous to miscast (41% risk of failure)!
Continue anyway?
You miscast Spider Form.
Nothing appears to happen.
MP[-3]
You lost 3 mp, and now have 4/10 mp.
The centaur shoots an arrow.
The arrow closely misses you.
There is a stone staircase leading down here.
The centaur shoots an arrow.
The arrow hits you!
You die...

Skill      XL: |  1  2  3  4  5  6 |
---------------+-------------------+-----
Stealth        | 1 2 3 4 |  4.2
Fighting       | 2 3 |  3.2
Unarmed Combat | 4 5 |  5.4
Dodging        | 3 |  3.6
Spellcasting   | |  2.0
Transmutations | |  2.0

Action                   |  1- 3 |  4- 6 |  7- 9 || total
-------------------------+-------+-------+-------++-------
Melee: Unarmed           |    85 |    28 |       ||   113
       Constrict         |    26 |    25 |     2 ||    53
       Tentacles         |    14 |    13 |     2 ||    29
       Kick              |    15 |    16 |     4 ||    35
       Punch             |     5 |     1 |       ||     6
       Trident           |       |   123 |     9 ||   132
 Cast: Beastly Appendage |    21 |    36 |     2 ||    59
       Spider Form       |       |     6 |       ||     6
  Use: Potion            |       |     1 |       ||     1
 Stab: Sleeping          |     9 |    12 |       ||    21
Armor: Skin              |     6 |     3 |     1 ||    10
Dodge: Dodged            |    51 |   112 |     7 ||   170

Levels and vault maps discovered:
D:1:      minmay_arrival_semitransparent, layout_basic,
          shapermc_ecumenical_altar_starsandcircs, minmay_misc_feat_rugged
D:2:      layout_rooms, kennysheep_small_spiral, st_stairs_6, hex_medium
D:3:      kennysheep_goblin_castle, layout_basic, serial_shops,
          nicolae_shop_advertising_works [nicolae_subvault_shop_adworks]
D:4:      layout_cave_pools, lemuel_round_altar,
          mainiacjoe_overflow_six_doors_small
D:5:      layout_loops_ring, mainiacjoe_overflow_small_starburst, temple_hall,
          serial_shops, shop, nicolae_stop_n_shop_1, shop, uniq_eustachio

Notes
Turn   | Place    | Note
-------+----------+-------------------------------------------
     0 | D:1      | zeratav the Octopode Transmuter began the quest for the
                  | Orb.
     0 | D:1      | Reached XP level 1. HP: 13/13 MP: 3/3
     0 | D:1      | magus.rc [v1.9.6]
   167 | D:1      | Reached XP level 2. HP: 18/18 MP: 3/5
   220 | D:1      | Found a faded altar of an unknown god.
   222 | D:1      | Reached skill level 1 in Stealth
  1015 | D:1      | Reached XP level 3. HP: 23/23 MP: 4/6
  1731 | D:2      | You add the spells Malign Gateway and Summon Horrible
                  | Things to your library.
  1745 | D:2      | Reached skill level 2 in Stealth
  1745 | D:2      | Reached XP level 4. HP: 20/29 MP: 5/7
  2353 | D:3      | Reached skill level 2 in Fighting
  2579 | D:3      | Reached skill level 4 in Unarmed Combat
  2887 | D:3      | Reached XP level 5. HP: 34/34 MP: 6/8
  2992 | D:3      | Found Eclu's Weapon Boutique.
  3507 | D:3      | Noticed Robin
  3561 | D:3      | Killed Robin
  3562 | D:3      | Reached skill level 3 in Dodging
  3807 | D:4      | Reached skill level 3 in Stealth
  3816 | D:4      | Learned a level 3 spell: Spider Form
  3868 | D:3      | HP: 5/35 [orc/+0 club (4)]
  3870 | D:3      | Reached XP level 6. HP: 6/41 MP: 9/9
  4407 | D:4      | HP: 7/41 [orc/boomerang (6)]
  4422 | D:4      | HP: 7/41 [orc/+0 dagger (2)]
  4807 | D:4      | Reached skill level 5 in Unarmed Combat
  5128 | D:4      | HP: 10/41 [adder (1)]
  5130 | D:4      | Reached skill level 3 in Fighting
  5428 | D:4      | Reached skill level 4 in Stealth
  5450 | D:4      | Found a bloodstained altar of Trog.
  5517 | D:4      | Found a snail-covered altar of Cheibriados.
  5742 | D:5      | Entered Level 5 of the Dungeon
  5746 | D:5      | Found Miyq Terion's General Store.
  5751 | D:5      | Reached XP level 7. HP: 41/46 MP: 8/10
  5817 | D:5      | Found Dauza's Antique Weapon Emporium.
  5885 | D:5      | You pick up a book of Necromancy and begin reading...
  5885 | D:5      | You add the spells Pain, Animate Skeleton and Vampiric
                  | Draining to your library.
  5891 | D:5      | Noticed Eustachio
  5912 | D:5      | HP: 11/46 [centaur/arrow (15)]
  5917 | D:5      | Shot with an arrow by a centaur

Vanquished Creatures
  2 scorpions (D:4)
  A gnoll shaman (D:4)
  An orc wizard (D:4)
  An iguana (D:5)
  Robin (D:3)
  6 gnolls
  4 adders
  A shadow imp (D:5)
  A white imp (D:5)
  An ufetubus (D:4)
  A worm (D:2)
  4 dart slugs
  15 orcs
  6 ball pythons
  3 bats
  5 endoplasms
  2 giant cockroaches
  21 goblins
  10 hobgoblins
  6 jackals
  6 quokkas
  3 frilled lizards
  9 kobolds
  10 rats
120 creatures vanquished.

Table legend:
 A = Non-vault XP
 B = Vault XP
 C = Vault XP percentage of total XP
 D = Non-vault monster count
 E = Vault monster count
 F = Vault count percentage of total count
                 A         B        C        D         E       F
            +---------+---------+-------+---------+---------+-------
      Total |     612 |      55 |   8.2 |      98 |      22 |  18.3
            +---------+---------+-------+---------+---------+-------
        D:1 |      42 |       0 |   0.0 |      24 |       0 |   0.0
        D:2 |      47 |       3 |   6.0 |      19 |       2 |   9.5
        D:3 |     101 |      52 |  34.0 |      25 |      20 |  44.4
        D:4 |     364 |       0 |   0.0 |      27 |       0 |   0.0
        D:5 |      58 |       0 |   0.0 |       3 |       0 |   0.0
            +---------+---------+-------+---------+---------+-------

Illustrated notes

Table legend:
 A = Kills in this place as a percentage of kills in entire the game.
 B = Kills by you in this place as a percentage of kills by you in the entire game.
 C = Kills by friends in this place as a percentage of kills by friends in the entire game.
 D = Other kills in this place as a percentage of other kills in the entire game.
 E = Experience gained in this place as a percentage of experience gained in the entire game.
 F = Experience gained in this place divided by the number of levels of this place that you have seen.
                   A       B       C       D       E      F
               +-------+-------+-------+-------+-------+----------------------
         Total | 100.0 | 100.0 |   N/A |   N/A | 100.0 | 133.4
       Dungeon | 100.0 | 100.0 |   N/A |   N/A | 100.0 | 133.4
               +-------+-------+-------+-------+-------+----------------------

Table legend: (Time is in decaauts)
 A = Elapsed time spent in this place.
 B = Non-inter-level travel time spent in this place.
 C = Inter-level travel time spent in this place.
 D = Time resting spent in this place.
 E = Time spent auto-exploring this place.
 F = Levels seen in this place.
 G = Mean time per level.
                   A        B        C        D        E       F      G
               +--------+--------+--------+--------+--------+-----+--------+
         Total |   5957 |   5645 |    312 |   1284 |   3410 |   5 | 1191.4 |
       Dungeon |   5957 |   5645 |    312 |   1284 |   3410 |   5 | 1191.4 |
               +--------+--------+--------+--------+--------+-----+--------+

Top non-repeatable levels by time:
     D:3: 2268 daAuts
     D:1: 1296 daAuts
     D:4: 1158 daAuts
     D:2: 1055 daAuts
     D:5: 178 daAuts
